[Event "FISU World University-ch 2020-KO"]
[Site "Online"]
[Date "2020.10.26"]
[Round "1"]
[White "Makhnev, Denis"]
[Black "Bilguun, Sumiya"]
[Result "1-0"]
[ECO "E05"]
[WhiteElo "2486"]
[BlackElo "2454"]
[Annotator "RC"]
[PlyCount "105"]
[EventDate "2020.10.26"]
[EventType "team-tourn"]
[SourceTitle "playchess.com"]
[Source "ChessBase"]
[SourceQuality "1"]
[TimeControl "900+10"]

1. Nf3 d5 2. g3 e6 3. Bg2 Nf6 4. d4 Be7 5. O-O O-O 6. c4 dxc4 7. Qc2 a6 8. a4 Bd7 9. Qxc4 Bc6 10. Bf4 a5 11. Nc3 Na6 12. Rac1 Bxf3 13. Bxf3 c6 14. Qb3 Nb4 15. Rfd1 Qb6 16. e4 Rfd8 17. Be3 Nbd5 18. Qxb6 Nxb6 19. b3 Ba3 20. Rc2 Nbd7 21. Nb1 Bb4 22. Nd2 Ne8 23. Nc4 Nd6 24. Nxd6 Bxd6 25. d5 exd5 26. exd5 c5 27. Be2 h6 28. Bb5 Rac8 29. Bd2 Ra8 30. Bc3 Nf6 31. Re2 Bf8 32. Bxf6 gxf6 33. Kg2 Bd6 34. f4 Kg7 35. Kf3 f5 36. Bd3 Kf6 37. Rde1 Rab8 38. h4 Ra8 39. Re5 Bxe5 40. fxe5+ Kg7 41. d6 f6 42. e6 Rxd6 43. Bb5 Rb6 44. Kf4 Rxb5 45. axb5 Kf8 46. Kxf5 Ke7 47. Rd1 Rd8 48. Rxd8 Kxd8 49. Kxf6 Ke8 50. g4 c4 51. g5 hxg5 52. hxg5 cxb3 53. g6 1-0

[Event "FISU World University-ch 2020-KO"]
[Site "Online"]
[Date "2020.10.26"]
[Round "2"]
[White "Makhnev, Denis"]
[Black "Zarubitski, Viachaslau"]
[Result "1/2-1/2"]
[ECO "A07"]
[WhiteElo "2486"]
[BlackElo "2442"]
[Annotator "RC"]
[PlyCount "100"]
[EventDate "2020.10.26"]
[EventType "team-tourn"]
[SourceTitle "playchess.com"]
[Source "ChessBase"]
[SourceQuality "1"]
[TimeControl "900+10"]

1. Nf3 d5 2. g3 c6 3. Bg2 Nf6 4. O-O Bf5 5. d3 h6 6. c4 dxc4 7. dxc4 Nbd7 8. Qb3 Nc5 9. Qe3 e6 10. Nc3 Be7 11. Rd1 Qb6 12. Ne5 O-O 13. b3 a5 14. Ba3 Rfe8 15. h3 Na4 16. Qxb6 Nxb6 17. Bxe7 Rxe7 18. e4 Bh7 19. f4 Nfd7 20. Nd3 Rae8 21. c5 Na8 22. Kf2 Nc7 23. Rd2 Na6 24. Na4 e5 25. f5 Bxf5 26. exf5 e4 27. Bxe4 Rxe4 28. Rad1 Nf6 29. g4 Nd5 30. Re1 Nab4 31. Rxe4 Rxe4 32. Nxb4 Rxb4 33. Nb2 h5 34. Kg3 hxg4 35. hxg4 f6 36. Rd3 g6 37. fxg6 Kg7 38. Nc4 a4 39. Nd6 Kxg6 40. bxa4 Rxa4 41. a3 Ra5 42. Nxb7 Rb5 43. Nd8 Rxc5 44. a4 Nb6 45. Ne6 Ra5 46. Rb3 Nd5 47. Rb7 f5 48. gxf5+ Kxf5 49. Nd4+ Kf6 50. Nxc6 Rxa4 1/2-1/2